 Dungeon Crawl Stone Soup version 0.29-a0-323-g050149af67 (webtiles) character file.

Game seed: 1471835778453806203

140 bande the Skirmisher (level 5, -1/33 HPs)
             Began as a Gargoyle Fighter on Apr 10, 2022.
             Slain by a kobold
             ... wielding a +0 whip
              (2 damage)
             ... on level 3 of the Dungeon.
             The game lasted 00:03:17 (2306 turns).

bande the Skirmisher (Gargoyle Fighter)             Turns: 2306, Time: 00:03:17

Health: -1/33      AC: 19    Str: 19    XL:     5   Next: 22%
Magic:  5/5        EV:  7    Int:  9    God:
Gold:   124        SH:  5    Dex: 13    Spells: 4/4 levels left

rFire   . . .      SeeInvis .   a - +0 war axe
rCold   . . .      Faith    .   c - +0 buckler
rNeg    + . .      Spirit   .   f - +0 chain mail
rPois   ∞          Reflect  .   h - +1 helmet
rElec   +          Harm     .   (no cloak)
rCorr   .          Rampage  .   (no gloves)
Will    .....                   (no boots)
Stlth   ..........              (no amulet)
HPRegen 0.11/turn               i - +4 ring of protection
MPRegen 0.09/turn               k - ring of flight

@: flying, hasted, very quick
A: sickness immunity, AC +4, negative energy resistance 1, electricity
resistance, torment resistance 1, petrification resistance, agile 1
a: no special abilities


You were on level 3 of the Dungeon.
You visited 1 branch of the dungeon, and saw 3 of its levels.

You collected 124 gold pieces.

Inventory:

Hand Weapons
 a - a +0 war axe (weapon)
 j - a +0 flail
Armour
 c - a +0 buckler (worn)
 f - a +0 chain mail (worn)
 h - a +1 helmet (worn)
Jewellery
 i - a +4 ring of protection (left hand)
 k - a ring of flight (right hand)
Scrolls
 e - 2 scrolls of teleportation
 l - a scroll of amnesia
Potions
 b - 2 potions of mutation
 d - a potion of might
 g - a potion of berserk rage


   Skills:
 + Level 4.0 Fighting
 + Level 3.6 Axes
 + Level 4.0 Armour
 + Level 3.7 Shields


You had 4 spell levels left.
You didn't know any spells.
Your spell library was empty.

Dungeon Overview and Level Annotations

Branches:
Dungeon (3/15)

Altars:


Innate Abilities, Weirdness & Mutations

You are immune to sickness and miasma.
Your stone body is resilient. (AC +4)
You are immune to poison.
You resist negative energy. (rN+)
You are resistant to electric shocks. (rElec)
You are resistant to unholy torment.
You are immune to petrification.
You are agile. (Dex +2)


Message History

You closely miss the kobold. You miss something. The kobold barely misses you.
The orc priest barely misses you. Something hits you but does no damage.
Unknown command.
You barely miss the orc priest.
The orc priest is heavily wounded.
You completely miss the kobold. You closely miss something.
The kobold hits you with a +0 whip. You block the orc priest's attack.
Something hits you but does no damage.
You hit the orc priest but do no damage.
The orc priest is heavily wounded.
You closely miss the kobold. You miss something.
The kobold completely misses you.
The orc priest calls down the wrath of Beogh upon you.
Beogh smites you! Something hits you but does no damage.
The orc priest calls down the wrath of Beogh upon you.
You barely resist.
You hear some strange, mumbled words.
A puff of flame appears from out of thin air!
The puff of flame misses you. The kobold hits you but does no damage.
You barely miss the orc priest.
The orc priest is heavily wounded.
You hit the kobold but do no damage. You closely miss something.
The kobold hits you but does no damage. Something hits you but does no damage.
The orc priest calls down the wrath of Beogh upon you.
Beogh smites you!
* * * LOW HITPOINT WARNING * * *
You slash the orc priest!
You kill the orc priest!
You completely miss something. You barely miss the kobold.
The kobold hits you but does no damage.
You hear some strange, mumbled words.
A puff of flame appears from out of thin air!
The puff of flame hits you but does no damage.
Something hits you.
* * * LOW HITPOINT WARNING * * *
The kobold hits you but does no damage.
You have reached level 5!
It was a potion of haste.
You feel yourself speed up. The kobold hits you with a +0 whip.
You die...

......................
####....................
.)......................
##......!...............
#.......................
........................
........................
........................
......)@)...............
......K{)...............
....../..............<..
#.$.....................
#.......................
#.......................
#.............[.........
#...#...................
...............


You could see a kobold.

Vanquished Creatures
  An orc priest (D:3)
  2 adders (D:2)
  4 gnolls (D:2)
  A worm (D:2)
  3 orcs (D:3)
  2 endoplasms
  3 giant cockroaches
  6 goblins
  6 hobgoblins (D:1)
  3 quokkas
  2 ball pythons (D:1)
  3 bats
  3 frilled lizards
  6 kobolds
  3 rats
48 creatures vanquished.

Notes
Turn   | Place    | Note
-------+----------+-------------------------------------------
     0 | D:1      | bande the Gargoyle Fighter began the quest for the Orb.
     0 | D:1      | Reached XP level 1. HP: 14/14 MP: 1/1
   303 | D:1      | Found a faded altar of an unknown god.
   309 | D:1      | Reached XP level 2. HP: 19/19 MP: 2/2
  1144 | D:2      | Reached XP level 3. HP: 24/24 MP: 3/3
  1421 | D:2      | Gained mutation: You are agile. (Dex +2) [potion of
                  | mutation]
  1460 | D:2      | Reached XP level 4. HP: 6/29 MP: 4/4
  2305 | D:3      | HP: 1/29 [something (2)]
  2306 | D:3      | Reached XP level 5. HP: 1/33 MP: 5/5
  2306 | D:3      | Slain by a kobold

Illustrated notes

Levels and vault maps discovered:
D:1:      scummos_arrival_hexagon, layout_loops_ring,
          shapermc_ecumenical_altar_ellora
D:2:      layout_rooms
D:3:      layout_basic

Skill      XL: |  1  2  3  4 |
---------------+-------------+-----
Axes           | 2 3 |  3.6
Fighting       | 4 |  4.0
Armour         | 4 |  4.0
Shields        | |  3.7

Action                   |  1- 3 |  4- 6 || total
-------------------------+-------+-------++-------
Melee: War axe           |    96 |    37 ||   133
  Use: Scroll            |     7 |     2 ||     9
       Potion            |     1 |     1 ||     2
Armor: Chain mail        |    55 |    43 ||    98
Dodge: Dodged            |    33 |    18 ||    51
Block: Buckler           |    19 |     8 ||    27

Table legend: (Time is in decaauts)
 A = Elapsed time spent in this place.
 B = Non-inter-level travel time spent in this place.
 C = Inter-level travel time spent in this place.
 D = Time resting spent in this place.
 E = Time spent auto-exploring this place.
 F = Levels seen in this place.
 G = Mean time per level.
                   A        B        C        D        E       F      G
               +--------+--------+--------+--------+--------+-----+--------+
         Total |   2360 |   2300 |     60 |    524 |   1389 |   3 |  786.7 |
       Dungeon |   2360 |   2300 |     60 |    524 |   1389 |   3 |  786.7 |
               +--------+--------+--------+--------+--------+-----+--------+

Top non-repeatable levels by time:
     D:1: 1148 daAuts
     D:2: 866 daAuts
     D:3: 345 daAuts
